 Dungeon Crawl Stone Soup version 0.22.1-2-g9c5b331 (webtiles) character file.

314 Cancer the Chopper (level 6, -5/56 HPs)
             Began as a Minotaur Berserker on Nov 29, 2018.
             Was a Priest of Trog.
             Slain by an ogre
             ... wielding a +0 giant club
              (11 damage)
             ... on level 4 of the Dungeon.
             The game lasted 00:07:53 (2330 turns).

Cancer the Chopper (Minotaur Berserker)             Turns: 2330, Time: 00:07:54

Health: -5/56      AC:  9    Str: 23    XL:     6   Next: 19%
Magic:  5/5        EV:  9    Int:  4    God:    Trog [***...]
Gold:   155        SH:  0    Dex: 10    Spells: 5/5 levels left

rFire    . . .     SeeInvis .   a - +0 hand axe
rCold    . . .     Gourm    .   (no shield)
rNeg     . . .     Faith    .   l - +0 chain mail
rPois    .         Spirit   .   (helmet restricted)
rElec    .         Reflect  .   (no cloak)
rCorr    .         Harm     .   (no gloves)
MR       .....                  (no boots)
Stlth    ..........             (no amulet)
HPRegen  0.18/turn              (no ring)
MPRegen  0.09/turn              (no ring)

@: berserk cooldown
A: retaliatory headbutt, horns 2
a: Berserk, Trog's Hand, Renounce Religion


You were on level 4 of the Dungeon.
You worshipped Trog.
Trog was most pleased with you.
You were not hungry.

You visited 1 branch of the dungeon, and saw 4 of its levels.

You collected 155 gold pieces.

Inventory:

Hand Weapons
 a - a +0 hand axe (weapon)
 j - a +2 dagger of speed
 p - a +0 spear
 t - a +0 whip of venom
 w - a +0 short sword of holy wrath
 y - a +1 flail of crushing
Armour
 b - a +0 animal skin
 l - a +0 chain mail (worn)
Wands
 v - a wand of paralysis (9)
Scrolls
 d - 4 scrolls of teleportation {unknown}
 f - 2 scrolls of enchant weapon {unknown}
 g - 7 scrolls of remove curse {unknown}
 i - 2 scrolls of amnesia {unknown}
 k - a scroll of random uselessness {unknown}
 m - 2 scrolls of fear {unknown}
 o - a scroll of enchant armour {unknown}
 r - a scroll of identify {unknown}
 x - a scroll of magic mapping {unknown}
 z - a scroll of blinking {unknown}
Potions
 e - 2 potions of haste {unknown}
 h - 3 potions of ambrosia {unknown}
 n - a potion of lignification {unknown}
 s - 2 potions of agility {unknown}
 u - a potion of curing {unknown}
Comestibles
 c - 4 rations
 q - 7 chunks of flesh


   Skills:
 + Level 5.6 Fighting
 + Level 5.7 Axes
 + Level 4.9 Armour
 - Level 2.1 Dodging


You had 5 spell levels left.
You didn't know any spells.
Your spell library was empty.

Dungeon Overview and Level Annotations

Branches:
Dungeon (4/15)
 Temple: D:4-7

Altars:
Sif Muna


Innate Abilities, Weirdness & Mutations

You reflexively headbutt those who attack you in melee.
You have a pair of horns on your head.


Message History

You are exhausted.
You feel yourself slow down.
z - a scroll labeled TEADUA ZUWK You see here a flail.
An ogre comes into view. It is wielding a giant club.
You slash the ogre!
The ogre is moderately wounded.
The ogre hits you but does no damage. The ogre hits you with a giant club.
* * * LOW HITPOINT WARNING * * *
Your chain mail prevents you from hitting the ogre.
The ogre is moderately wounded.
The ogre barely misses you.
You hit the ogre but do no damage. You headbutt the ogre!
The ogre is heavily wounded.
You feel yourself speed up. The ogre barely misses you.
You hit the ogre but do no damage. Your headbutt misses the ogre.
The ogre is heavily wounded.
The ogre hits you with a giant club!
You die...

####...######..######.###.....
####...######................##
..).............................
>.[.............................
)############..#.###.............
.# #..#.# #.†....#...... .#
#..#.# #......#...#.. .# ...#O#
#............. .# ##.##@#
#......#...#.. .##### #. #.#
#....).#...... .....# # #+#
######.#...#.. .....####....
#..(....... .....'.......
#.#........ .....#####...
............ .....#
####+#########.#.#......
.....#####......#... ............
.....'...'......'.. .............


You could see an ogre.

Vanquished Creatures
  A howler monkey (D:4)
  An orc priest (D:4)
  2 orc wizards (D:4)
  Robin (D:3)
  4 adders
  5 gnolls
  A howler monkey skeleton (D:4)
  4 dart slugs
  2 leopard geckos
  6 orcs
  A giant cockroach (D:2)
  12 goblins
  9 hobgoblins
  5 jackals
  A quokka (D:3)
  8 bats
  4 frilled lizards
  5 kobolds
  3 rats
75 creatures vanquished.

Notes
Turn   | Place    | Note
-------+----------+-------------------------------------------
     0 | D:1      | Cancer the Minotaur Berserker began the quest for the Orb.
     0 | D:1      | Reached XP level 1. HP: 19/19 MP: 0/0
   287 | D:1      | Reached XP level 2. HP: 27/27 MP: 1/1
   820 | D:2      | Reached XP level 3. HP: 33/33 MP: 2/2
   866 | D:2      | Found a faded altar of an unknown god.
  1031 | D:2      | Reached ** piety under Trog
  1051 | D:2      | Found a deep blue altar of Sif Muna.
  1328 | D:3      | Reached XP level 4. HP: 41/41 MP: 3/3
  1580 | D:3      | Noticed Robin
  1591 | D:3      | Killed Robin
  1591 | D:3      | Reached skill level 5 in Axes
  1793 | D:3      | Reached XP level 5. HP: 44/47 MP: 4/4
  2106 | D:4      | Reached skill level 5 in Fighting
  2224 | D:4      | Reached *** piety under Trog
  2224 | D:4      | Reached XP level 6. HP: 8/56 MP: 5/5
  2330 | D:4      | Slain by an ogre

Skill      XL: |  1  2  3  4  5 |
---------------+----------------+-----
Fighting       | 4 5 |  5.6
Axes           | 4 5 |  5.7
Armour         | 3 4 |  4.9
Dodging        | |  2.1

Action                   |  1- 3 |  4- 6 || total
-------------------------+-------+-------++-------
Melee: Hand axe          |    72 |    90 ||   162
       Headbutt          |     8 |    15 ||    23
Invok: Berserk           |       |     2 ||     2
  Eat: Chunk             |     1 |     5 ||     6
Armor: Animal skin       |    11 |       ||    11
       Chain mail        |    18 |    46 ||    64
Dodge: Dodged            |    50 |    39 ||    89
